 Dungeon Crawl Stone Soup version 0.18-a0-1560-ge216ca8 (webtiles) character file.

58 angel3174 the Insei (level 3, 0/28 HPs)
             Began as a Vampire Monk on Mar 12, 2016.
             Succumbed to an adder's poison
             ... on level 3 of the Dungeon.
             The game lasted 00:10:27 (1096 turns).

angel3174 the Insei (Vampire Monk)                  Turns: 1096, Time: 00:10:27

Health: 0/28       AC:  6    Str: 10    XL:     3   Next: 75%
Magic:  3/3        EV: 12    Int: 12    God:
Gold:   80         SH:  0    Dex: 17    Spells: 0 memorised, 2 levels left

rFire  + . .     SeeInvis +       - Unarmed
rCold  + . .     Gourm    .     i - +1 ring mail
rNeg   . . .     Faith    .     (no shield)
rPois  +         Spirit   .     (no helmet)
rElec  +         Dismiss  .     (no cloak)
rCorr  +         Reflect  .     (no gloves)
SustAt .         Harm     .     (no boots)
MR     .....                    (no amulet)
Stlth  ++........               (no ring)
                                (no ring)

@: lethally poisoned (0 -> -2), resistant, regenerating quickly, not resistant
to hostile enchantments, unstealthy
A: fangs 3, see invisible, unbreathing
a: no special abilities


You were on level 3 of the Dungeon.
You were full.

You visited 1 branch of the dungeon, and saw 3 of its levels.

You collected 80 gold pieces.

Inventory:

Hand Weapons
 k - a +0 short sword
 o - a +0 whip
 s - a +1 hunting sling
Missiles
 c - 76 stones (quivered)
Armour
 a - a +0 robe
 g - a cursed -1 buckler
 i - a +1 ring mail (worn)
 j - a +0 leather armour
Wands
 p - a wand of disintegration (24/24)
Scrolls
 d - a scroll of identify
 e - a scroll of teleportation
Potions
 b - a potion of blood
 l - a potion of cure mutation
Comestibles
 f - 3 bread rations
 n - a slice of pizza


   Skills:
 + Level 2.8 Fighting
 + Level 0.2 Armour
 + Level 4.3 Dodging
 + Level 3.3 Stealth
 + Level 5.0 Unarmed Combat


You had 2 spell levels left.
You didn't know any spells.

Dungeon Overview and Level Annotations

Branches:
Dungeon (3/15)

Altars:


Innate Abilities, Weirdness & Mutations

Your natural rate of healing is unusually fast.
You have razor-sharp teeth.
You have supernaturally acute eyesight.
You can survive without breathing.


Message History

The adder is almost dead.
You feel sick. The adder misses you.
You barely miss the adder.
The adder is almost dead.
The adder bites you.
* * * LOW HITPOINT WARNING * * *
As you read the scroll labeled GILUM ODGHA, it crumbles to dust.
It is a scroll of enchant weapon.
Enchant which weapon? (? for menu, Esc to quit)
Your hunting sling glows red for a moment.
The adder bites you but does no damage. The adder bites you.
* * * LOW HITPOINT WARNING * * *
As you read the scroll labeled OSEOZO QYME, it crumbles to dust.
You feel blessed for a moment.
It was a scroll of remove curse.
* * * LOW HITPOINT WARNING * * *
You feel sick. The adder bites you but does no damage.
As you read the scroll labeled UDYPIM HYOTH, it crumbles to dust.
The creatures around you are filled with an inner flame!
It was a scroll of immolation.
The adder barely misses you.
You die...

#... ##..#######..
#...........# #...#
#.# #<# #... #.##.#
#... #...# #..##
##..# #...## ##..##
#.@#.###.#.#
#.....#....#
##S##..###.# ####
#og.w.# #># .....
...g...##..###.#..<##
######.#....††......#
#..#..#†#........
#.###.#.##.....##
#.## ##... ....##


You could see an adder (inner flame), an orc (inner flame) and a hobgoblin
(inner flame).

Vanquished Creatures
  An adder (D:3)
  A worm (D:2)
  2 giant geckos
  An orc (D:3)
  A ball python (D:1)
  4 goblins
  2 hobgoblins
  11 jackals (D:1)
  2 quokkas (D:2)
  2 bats
  A giant newt (D:3)
  5 kobolds
  5 rats
38 creatures vanquished.

Notes
Turn   | Place    | Note
--------------------------------------------------------------
     0 | D:1      | angel3174 the Vampire Monk began the quest for the Orb.
     0 | D:1      | Reached XP level 1. HP: 17/17 MP: 1/1
   195 | D:1      | Reached XP level 2. HP: 21/23 MP: 2/2
   542 | D:1      | Reached XP level 3. HP: 23/28 MP: 3/3
   784 | D:2      | Reached skill level 5 in Unarmed Combat
  1094 | D:3      | HP: 1/28 [poisoned by an adder]
  1096 | D:3      | Succumbed to an adder's poison

Vault maps used:
D:1:      minmay_arrival_stair_chambers
D:2:      uniq_natasha, uniq_robin, uniq_terence
D:3:      minitemple

Skill      XL: |  1  2  3 |
---------------+----------+-----
Dodging        | 4 |  4.3
Unarmed Combat | 5 |  5.0
Fighting       | |  2.8
Armour         | |  0.2
Stealth        | |  3.3

Action                   || total
-------------------------++-------
Melee: Unarmed           ||   147
  Use: Scroll            ||     7
       Potion            ||     2
 Stab: Distracted        ||     1
  Eat: Corpse            ||     7
